 Dungeon Crawl Stone Soup version 0.32-a0-329-ge6c31236d6 (webtiles) character file.

Game seed: 7896119563783149973

9053 Pooter the Cleaver (level 11, 0/148 HPs)
             Began as a Minotaur Berserker on Feb 16, 2024.
             Was an Elder of Trog.
             Slain by Snorg (8 damage)
             ... on level 10 of the Dungeon.
             The game lasted 00:47:58 (10194 turns).

Pooter the Cleaver (Minotaur Berserker)            Turns: 10194, Time: 00:47:58

Health: 0/148      AC: 13    Str: 32    XL:     11   Next: 18%
Magic:  4/10       EV:  8    Int:  4    God:    Trog [****..]
Gold:   398        SH:  0    Dex: 10    Spells: 10/10 levels left

rFire   . . .        a - +0 broad axe
rCold   . . .        (no shield)
rNeg    . . .        K - +2 plate armour {rPois}
rPois   +            (helmet restricted)
rElec   .            B - scarf {harm}
rCorr   .            (no gloves)
SInv    .            (no boots)
Will    ++...        m - amulet of regeneration Stlth
                     U - +4 ring of slaying
HPRegen 2.24/turn    J - +6 ring of strength
MPRegen 0.12/turn

%: harm (+30% outgoing, +20% incoming)
@: berserking, strong-willed, regenerating, very quick
A: horns 2, retaliatory headbutt
a: Renounce Religion, Berserk, Trog's Hand, Brothers in Arms


You were on level 10 of the Dungeon.
You worshipped Trog.
Trog was greatly pleased with you.
You visited 1 branch of the dungeon, and saw 10 of its levels.
You also visited: Sewer.

You collected 513 gold pieces.
You spent 115 gold pieces at shops.

Inventory:

Hand Weapons
 a - a +0 broad axe (weapon)
   (You took it off an orc on level 5 of the Dungeon)
 b - a +1 antimagic orcbow
   (You took it off a centaur on level 8 of the Dungeon)
 y - a +2 whip of flaming
   (You took it off Pikel on level 5 of the Dungeon)
 A - the +4 hammer of Scuffed Fortitude {speed, rF+ Will- Str+8 Stlth+}
   (You found it on level 4 of the Dungeon)

   Str+8:     It affects your strength (+8).
   rF+:       It protects you from fire.
   Will-:     It decreases your willpower.
   Stlth+:    It makes you more stealthy.
 I - a +3 heavy flail
   (You took it off Edmund on level 6 of the Dungeon)
 O - a +1 war axe of venom
   (You found it on level 7 of the Dungeon)
Missiles
 j - a throwing net {!f}
 z - 5 boomerangs (quivered)
 F - 6 javelins
 L - 5 darts of dispersal {!f}
 P - 5 poisoned darts
 Q - 68 stones
 S - a curare-tipped dart
Armour
 o - a +1 ring mail of fire resistance
   (You took it off an orc on level 3 of the Dungeon)
 x - a +3 plate armour
   (You found it on level 6 of the Dungeon)
 B - a scarf of harm (worn)
   (You found it on level 5 of the Dungeon)
 K - a +2 plate armour of poison resistance (worn)
   (You took it off an orc warrior on level 8 of the Dungeon)
Jewellery
 l - a +6 ring of intelligence
   (You found it on level 1 of the Dungeon)
 m - an amulet of regeneration (around neck)
   (You found it on level 2 of the Dungeon)
 u - a +6 ring of dexterity
   (You found it in a sewer)
 w - a ring of flight
   (You found it on level 4 of the Dungeon)
 E - an amulet of reflection
   (You found it on level 4 of the Dungeon)
 G - a ring of fire
   (You found it on level 7 of the Dungeon)
 J - a +6 ring of strength (right hand)
   (You found it on level 7 of the Dungeon)
 N - a ring of positive energy
   (You took it off Erica on level 8 of the Dungeon)
 U - a +4 ring of slaying (left hand)
   (You found it on level 9 of the Dungeon)
Wands
 f - a wand of flame (16)
   (You took it off Joseph on level 7 of the Dungeon)
 r - a wand of quicksilver (2)
   (You found it in a sewer)
 D - a wand of roots (16)
   (You found it on level 6 of the Dungeon)
 H - a wand of polymorph (5)
   (You found it on level 6 of the Dungeon)
Scrolls
 h - 2 scrolls of noise {!r}
 k - 3 scrolls of blinking
 n - 2 scrolls of fear
 q - a scroll of summoning
 s - 5 scrolls of teleportation {unknown}
 v - a scroll of revelation
 M - 2 scrolls of fog
Potions
 c - 2 potions of heal wounds {@q2}
 d - 6 potions of curing {@q1}
 e - 2 potions of might
 g - a potion of cancellation {unknown}
 p - a potion of enlightenment {unknown}
 t - 2 potions of haste {@q3}
 C - 3 potions of lignification {!q}
 T - a potion of berserk rage {unknown}
 V - a potion of experience {unknown}


   Skills:
 + Level 10.0 Fighting
 * Level 13.5 Axes
 * Level 11.7 Ranged Weapons
 - Level 1.2 Throwing
 - Level 2.4 Armour
 - Level 2.1 Dodging
 - Level 1.1 Stealth
 - Level 1.1 Evocations


You had 10 spell levels left.
You didn't know any spells.
Your spell library was empty.

Dungeon Overview and Level Annotations

Branches:
Dungeon (10/15) Zot: 26643  Temple (0/1) D:4           Sewer (visited)
   Lair: D:8-11         Orc: D:9-12

Altars:
Dithmenos
Elyvilon
Hepliaklqana
Kikubaaqudgha
Nemelex Xobeh
Okawaru
Qazlal
Ru
Sif Muna
Trog
Vehumet
Xom
Zin
Beogh

Shops:
D:1 *

Annotations:
D:4 1 runed translucent door, Crazy Yiuf
D:10 Snorg


Innate Abilities, Weirdness & Mutations

You have a pair of horns on your head.
You reflexively headbutt those who attack you in melee.


Message History

You hear a loud squeak.
You hear an angry growl.
You shoot an arrow. The arrow hits Snorg.
You shoot an arrow. The arrow barely misses the yak.
The arrow hits Snorg!
You feel magic returning to you.
a - a +0 broad axe (weapon)
Your skin crawls.
You feel strong-willed.
A yak comes into view.
The yak closely misses you. You furiously retaliate!
You headbutt the yak!
The yak bellows!
You slash the yak! You headbutt the yak.
You kill the yak!
Trog accepts your kill.
You hear an angry growl.
You hear a deafening roar!
Snorg goes berserk!
A death yak and a river rat come into view.
The river rat squeaks loudly.
Snorg bites you. Snorg claws you! Snorg claws you.
A river rat comes into view.
Snorg bites you but does no damage. Snorg claws you but does no damage.
Snorg claws you.
The death yak moves out of view.
You see here a yak corpse.
The river rat squeaks loudly.
You hit Snorg. Snorg bites you. Snorg claws you!
* * * LOW HITPOINT WARNING * * *
Snorg claws you!
* * * LOW HITPOINT WARNING * * *
A river rat comes into view.
A red film seems to cover your vision as you go berserk!
You feel yourself moving faster!
You feel mighty!
The river rat squeaks loudly.
You hear an angry growl.
Snorg bites you but does no damage. Snorg claws you but does no damage.
Snorg closely misses you.
A river rat comes into view.
Snorg bites you but does no damage. Snorg barely misses you.
Snorg claws you but does no damage.
The river rat squeaks loudly.
You slice Snorg!!
You hear an angry growl.
A black bear comes into view.
Snorg bites you.
* * * LOW HITPOINT WARNING * * *
Snorg claws you but does no damage. Snorg claws you!
* * * LOW HITPOINT WARNING * * *
You slice Snorg!! You slice Snorg!! Snorg bites you but does no damage.
Snorg claws you!
* * * LOW HITPOINT WARNING * * *
Snorg claws you but does no damage.
You barely miss Snorg. Snorg bites you!
You die...

#.# #.##########
#.#........#
#.#........#
#.#........#
#.#........##
#.########..## ###
#.# ##..######.....
#.# ##....@TY.....
#.####
#####.#####......
..#...##.....#...#
.....
~.P♣♣♣P.≈~..##.#.#
r...
~P.....P~~...#.#.#
r..
P.♣♣.♣♣.P.##...#..
Y.
.♣♣P..♣♣.P..######.
. .♣....P♣.♣.....#
. P..._...P♣.......


You could see Snorg (berserk), a death yak, a yak and 2 river rats.

Vanquished Creatures
  Erica (D:8)
  A two-headed ogre (D:10)
  Pikel (D:5)
  The ghost of THTSBRD the Trooper, a novice DsBe of Trog (D:7)
  Joseph (D:7)
  A komodo dragon (D:10)
  Psyche (D:8)
  Grinder (D:4)
  2 humans (D:9)
  5 yaks
  A vampire (D:10)
  A wyvern (D:9)
  2 steam dragons
  Menkaure (D:7)
  Edmund (D:6)
  2 water moccasins (D:7)
  7 ice beasts
  4 orc warriors
  An ogre (D:4)
  5 centaurs
  A phantom (D:6)
  2 lemures (D:5)
  3 bullfrogs
  2 kobold brigands (D:8)
  A gnoll sergeant (D:5)
  2 scorpions
  A hornet simulacrum (D:7)
  10 killer bees (D:7)
  3 howler monkeys
  4 hounds
  10 orc priests
  2 bombardier beetles
  A gnoll bouda (D:8)
  3 iguanas
  5 orc wizards
  3 sleepcaps
  12 adders
  7 gnolls
  2 river rats (D:4)
  A shadow imp (D:5)
  2 white imps (D:7)
  A howler monkey simulacrum (D:7)
  9 dart slugs
  5 ribbon worms
  37 orcs
  4 bats
  20 endoplasms
  7 giant cockroaches
  4 hobgoblins
  10 kobolds
  3 quokkas
  20 ball pythons
  9 frilled lizards
  6 goblins
  3 rats
  A spectral goblin (D:10)
  A butterfly (D:10)
257 creatures vanquished.

Notes
Turn   | Place    | Note
-------+----------+-------------------------------------------
     0 | D:1      | Pooter the Minotaur Berserker began the quest for the Orb.
     0 | D:1      | Reached XP level 1. HP: 19/19 MP: 0/0
   116 | D:1      | Reached XP level 2. HP: 25/27 MP: 1/1
   159 | D:1      | Reached skill level 4 in Axes
   301 | D:1      | Found Eschaqih's General Store.
   385 | D:1      | Bought a potion of curing for 30 gold pieces
   445 | D:1      | Bought a scroll of noise for 10 gold pieces
   520 | D:1      | Reached XP level 3. HP: 29/33 MP: 2/2
   779 | D:2      | Reached skill level 1 in Throwing
   779 | D:2      | Reached skill level 1 in Evocations
   785 | D:2      | Reached skill level 1 in Stealth
   886 | D:2      | Reached XP level 4. HP: 38/40 MP: 3/3
  1231 | D:2      | Reached skill level 1 in Ranged Weapons
  1460 | D:3      | Reached ** piety under Trog
  1499 | D:3      | Reached skill level 5 in Axes
  1549 | D:3      | Reached XP level 5. HP: 43/47 MP: 4/4
  1655 | D:3      | Found a roughly hewn altar of Beogh.
  2013 | D:3      | Found a shimmering altar of Xom.
  2337 | D:1      | Bought a scroll of blinking for 75 gold pieces
  2545 | D:3      | Found a faded altar of an unknown god.
  2683 | D:4      | Found a bloodstained altar of Trog.
  2712 | D:4      | Found a staircase to the Ecumenical Temple.
  2843 | D:4      | Noticed an ogre
  2849 | D:4      | Killed an ogre
  2850 | D:4      | Reached XP level 6. HP: 41/53 MP: 5/5
  2879 | D:4      | Reached skill level 6 in Axes
  2910 | D:4      | Found a glowing drain.
  2923 | Sewer    | Entered a sewer
  3206 | Sewer    | Reached skill level 5 in Fighting
  3328 | Sewer    | Reached *** piety under Trog
  3420 | Sewer    | Reached XP level 7. HP: 61/61 MP: 6/6
  3518 | D:4      | Found a sparkling altar of Nemelex Xobeh.
  3608 | D:4      | Reached skill level 7 in Axes
  3653 | D:4      | Noticed Grinder
  3658 | D:4      | Killed Grinder
  3659 | D:4      | Reached skill level 5 in Ranged Weapons
  3916 | D:4      | Found a runed translucent door.
  3917 | D:4      | Noticed Crazy Yiuf
  3918 | D:4      | Identified the +4 hammer of Scuffed Fortitude {speed, rF+
                  | Will- Str+8 Stlth+}
  3963 | D:5      | Entered Level 5 of the Dungeon
  4066 | D:5      | Noticed Pikel
  4077 | D:5      | Killed Pikel
  4078 | D:5      | Reached skill level 8 in Axes
  4078 | D:5      | Reached XP level 8. HP: 71/71 MP: 7/7
  4379 | D:5      | Reached **** piety under Trog
  4399 | D:5      | Reached skill level 9 in Axes
  4769 | D:5      | Found a glowing silver altar of Zin.
  4860 | D:5      | Reached XP level 9. HP: 76/79 MP: 8/8
  5701 | D:6      | Identified the +0 helmet "Veugudem" {rElec Regen+}
  6041 | D:6      | Reached skill level 10 in Axes
  6140 | D:6      | Noticed Edmund
  6147 | D:6      | Killed Edmund
  6204 | D:6      | Found an ancient bone altar of Kikubaaqudgha.
  7067 | D:7      | Found a runed translucent gate.
  7071 | D:7      | Found a runed translucent gate.
  7071 | D:7      | Found a runed translucent gate.
  7109 | D:7      | Noticed THTSBRD's ghost (novice DsBe)
  7302 | D:7      | Reached skill level 11 in Axes
  7399 | D:7      | Found a sacrificial altar of Ru.
  7420 | D:7      | Noticed Menkaure
  7430 | D:7      | Killed Menkaure
  7451 | D:7      | Noticed Joseph
  7458 | D:7      | Killed Joseph
  7459 | D:7      | Reached XP level 10. HP: 68/90 MP: 9/9
  7862 | D:7      | Killed THTSBRD's ghost
  7863 | D:7      | Reached skill level 10 in Ranged Weapons
  7879 | D:7      | Reached skill level 12 in Axes
  7976 | D:7      | Upgraded the game from 0.32-a0-314-g526f7d4993 to
                  | 0.32-a0-329-ge6c31236d6
  8012 | D:8      | Noticed Psyche
  8017 | D:8      | Killed Psyche
  8266 | D:8      | Noticed Erica
  8278 | D:8      | Killed Erica
  8564 | D:8      | Found a shadowy altar of Dithmenos.
  9295 | D:9      | Reached skill level 13 in Axes
  9366 | D:9      | Found an iron altar of Okawaru.
  9493 | D:9      | Reached XP level 11. HP: 99/99 MP: 10/10
  9522 | D:9      | Found a shimmering blue altar of Sif Muna.
  9536 | D:9      | Found a radiant altar of Vehumet.
  9836 | D:10     | Entered Level 10 of the Dungeon
  9845 | D:10     | Noticed a two-headed ogre
  9850 | D:10     | Killed a two-headed ogre
  9939 | D:10     | Found a white marble altar of Elyvilon.
  9967 | D:10     | Reached skill level 10 in Fighting
 10057 | D:10     | Found a hazy altar of Hepliaklqana.
 10095 | D:10     | Found a stormy altar of Qazlal.
 10181 | D:10     | Noticed Snorg
 10188 | D:10     | Noticed a death yak
 10193 | D:10     | HP: 6/148 [Snorg (20)]
 10194 | D:10     | Slain by Snorg

Illustrated notes

Levels and vault maps discovered:
D:1:      elethiomel_arrival_quiet, layout_basic, serial_shops, shop
D:2:      minmay_evil_eye, layout_basic
D:3:      layout_basic, regret_index_xom_buried_treasure,
          hellmonk_ecumenical_altar_defaced_shrine
D:4:      layout_gridville, kennysheep_mini_moat, mainiacjoe_overflow_boulevard,
          minmay_temple_entry_antechambers, cheibrodos_sewer_entry_sluice,
          uniq_crazy_yiuf_cottage, uniq_grinder
D:5:      layout_basic, zin_scriptorium, serial_park_tiny_2, uniq_pikel
D:6:      layout_basic, mainiacjoe_overflow_alcove_2, uniq_edmund
D:7:      layout_loops_ring, nicolae_ru_great_annihilating_truth,
          gammafunk_ghost_icy, uniq_menkaure, uniq_joseph
D:8:      layout_gridville, lemuel_doored_altar, uniq_erica, uniq_psyche
D:9:      layout_basic, okawaru_humans, mainiacjoe_overflow_catwalk_spiral
D:10:     layout_rooms, nicolae_elyvilon_peaceful_grove,
          nicolae_hepliaklqana_monster_ancestors, lemuel_tele_altar,
          grunt_qazlal_clouds, dpeg_lair_monsters, david_orc_5,
          serial_co_window_serial, co_window_corner_a,
          co_window_of_opportunity_a, co_window_paths_a, co_window_paths_a,
          co_window_paths_a, co_window_paths_b, co_window_paths_b,
          co_window_corner_b, co_window_broadway_b, co_window_unsneaky_path_c,
          glass_columns_c, glass_columns_c, uniq_snorg

Skill      XL: |  1  2  3  4  5  6  7  8  9 10 11 |
---------------+----------------------------------+-----
Axes           | 4 5 6 8 9 11 13 | 13.5
Fighting       | 4 5 6 7 8 9 10 | 10.0
Throwing       | 1 |  1.2
Evocations     | 1 |  1.1
Stealth        | 1 |  1.1
Ranged Weapons | 1 2 4 6 7 9 11 | 11.7
Armour         | |  2.4
Dodging        | |  2.1

Action                     |  1- 3 |  4- 6 |  7- 9 | 10-12 || total
---------------------------+-------+-------+-------+-------++-------
  Melee: Hand axe          |    33 |    49 |    14 |       ||    96
         Headbutt          |     5 |     7 |    30 |    23 ||    65
         Mace              |       |       |    48 |       ||    48
         Broad axe         |       |       |    82 |   106 ||   188
         War axe           |       |       |     1 |       ||     1
   Fire: Sling             |    42 |       |       |       ||    42
         Orcbow            |       |   162 |   163 |    43 ||   368
  Throw: Javelin           |       |       |     2 |       ||     2
         Stone             |       |       |     2 |       ||     2
 Invoke: Berserk           |     1 |     2 |     3 |     3 ||     9
         Trog's Hand       |       |     2 |     5 |     3 ||    10
  Evoke: Wand              |       |       |     4 |     4 ||     8
    Use: Scroll            |       |     4 |     3 |    11 ||    18
   Stab: Sleeping          |       |       |     1 |       ||     1
         Paralysed         |       |       |     1 |       ||     1
 Armour: Animal skin       |    29 |    15 |       |       ||    44
         Ring mail         |       |    39 |    66 |       ||   105
         Plate armour      |       |       |    38 |   111 ||   149
  Dodge: Dodged            |    34 |    54 |    78 |    43 ||   209
  Block: Other             |       |       |    11 |    13 ||    24
         Reflection        |       |       |       |     2 ||     2

Table legend: (Time is in decaauts)
 A = Elapsed time spent in this place.
 B = Non-inter-level travel time spent in this place.
 C = Inter-level travel time spent in this place.
 D = Time resting spent in this place.
 E = Time spent auto-exploring this place.
 F = Levels seen in this place.
 G = Mean time per level.
                   A        B        C        D        E       F      G
               +--------+--------+--------+--------+--------+-----+--------+
         Total |  10400 |  10068 |    332 |   2305 |   5795 |  11 |  945.5 |
       Dungeon |   9762 |   9430 |    332 |   2055 |   5611 |  10 |  976.2 |
         Sewer |    638 |    638 |      0 |    249 |    184 |   1 |  638.0 |
               +--------+--------+--------+--------+--------+-----+--------+

Top non-repeatable levels by time:
     D:5: 1697 daAuts
     D:7: 1618 daAuts
     D:3: 1129 daAuts
     D:8: 1120 daAuts
     D:2: 896 daAuts
     D:6: 835 daAuts
     D:4: 773 daAuts
     D:1: 687 daAuts
     D:9: 647 daAuts
   Sewer: 638 daAuts
    D:10: 356 daAuts
